 Dungeon Crawl Stone Soup version bcrawl-1.21.2-20-g6d45ba5942 (webtiles) character file.

Game seed: 9263395632658724076

151 BeastOfSaturn the Shooter (level 5, -12/30 HPs)
             Began as a Vine Stalker Arcane Marksman on Feb 29, 2020.
             Mangled by a wyvern zombie (14 damage)
             ... on level 4 of the Dungeon.
             The game lasted 00:10:05 (2932 turns).

BeastOfSaturn the Shooter (VSAM)                    Turns: 2932, Time: 00:10:05

Health: -12/30     AC:  3    Str: 13    XL:     5   Next: 33%
Magic:  7/9        EV: 12    Int: 14    God:
Gold:   254        SH:  0    Dex: 14    Spells: 5/8 levels left

rFire    . . .     SeeInvis .   a - +2 shortbow
rCold    . . .     Gourm    .   (shield currently unavailable)
rNeg     . . .     Faith    .   c - +0 robe
rPois    .         Spirit   .   q - +0 helmet
rElec    .         Reflect  .   (no cloak)
rCorr    .         Harm     .   (no gloves)
MR       .....                  (no boots)
Stlth    +.........             d - amulet of the acrobat
HPRegen  0.50/turn              (no ring)
MPRegen  0.11/turn              (no ring)

@: no status effects
A: fangs 2, regeneration 1, no potion heal 3, rot immunity, strong jaws
a: no special abilities


You were on level 4 of the Dungeon.
You were not hungry.

You visited 1 branch of the dungeon, and saw 4 of its levels.

You collected 254 gold pieces.

Inventory:

Hand Weapons
 a - a +2 shortbow (weapon)
 b - a +0 whip
 g - a +0 dagger
Missiles
 f - 1021 arrows (quivered)
Armour
 c - a +0 robe (worn)
 q - a +0 helmet (worn)
 u - the +2 cloak of the Thief {+Fog Slay-2 SInv Stlth+}
   (You found it on level 4 of the Dungeon)

   It affects your accuracy and damage with ranged weapons and melee attacks
   (-2).
   It lets you see invisible.
   It makes you more stealthy.
Jewellery
 d - an amulet of the acrobat (around neck)
 j - an uncursed amulet of faith
Scrolls
 h - 8 scrolls of teleportation
 i - a scroll of enchant weapon
 l - a scroll of amnesia
 n - 2 scrolls of fog {unknown}
 p - a scroll of enchant armour {unknown}
 r - 4 scrolls of identify
 t - a scroll of remove curse
Potions
 k - 2 potions of curing {unknown}
 m - 2 potions of brilliance {unknown}
 o - a potion of magic {unknown}
 s - a potion of cancellation {unknown}
Comestibles
 e - 6 rations {!d}


   Skills:
 + Level 1.9 Fighting
 * Level 3.7 Bows
 * Level 0.6 Armour
 + Level 2.1 Dodging
 + Level 0.2 Stealth
 - Level 2.1 Spellcasting
 * Level 3.6 Hexes


You had 5 spell levels left.
You knew the following spells:

 Your Spells              Type           Power        Failure   Level  Hunger
a - Corona                Hex            ##.....      5%          1    #......
b - Shackle               Hex            ##......     8%          2    ###....

Your spell library contained the following spells:

 Spells                   Type           Power        Failure   Level  Hunger
 False Image              Hex/Summ       #.......     32%         3    ###....
 Inner Flame              Hex/Fire       N/A          32%         3    ###....
 Cause Fear               Hex            ##........   45%         4    #####..
 Yara's Violent Unravell  Hex/Tmut       #.........   73%         4    #####..


Dungeon Overview and Level Annotations

Branches:
Dungeon (4/12)
 Temple: D:4-7

Altars:
Okawaru

Shops:
D:4 *:[


Innate Abilities, Weirdness & Mutations

You have extremely sharp teeth.
Your natural rate of healing is unusually fast.
Potions cannot restore your health.
You are immune to rotting.
Your bites deal extra damage.


Message History

You shoot an arrow.
The arrow completely misses the wyvern zombie.
The wyvern zombie bites you. x2
The wyvern zombie bites you but does no damage.
The wyvern zombie misses you. x2
The wyvern zombie bites you!
* * * LOW HITPOINT WARNING * * *
The wyvern zombie completely misses you.
The wyvern zombie bites you.
* * * LOW HITPOINT WARNING * * *
Casting: Shackle (safe; 8% risk of failure)
Confirm with . or Enter, or press ? or * to list all spells.
Aiming: Shackle (safe; 8% risk of failure)
Press: ? - help, Shift-Dir - straight line, f/p - wyvern zombie
Aim: a wyvern zombie (almost destroyed, chance to defeat MR: 59%)
The wyvern zombie resists with significant effort.
The wyvern zombie bites you.
* * * LOW HITPOINT WARNING * * *
The wyvern zombie bites you!
You die...

#.###### #.# #.#
##########.# ###.###
#........#.#
......#######.######.#.#
..............# #.#.##
.##.#.######.#######.#..#
.....................##.#
###.#.####.#.##########.#
#.#.####.#...Z@...∩##.#
#.#.......########.##.#
#.####.#.#.## #.##.#
#.###.##.##.######.##)#
...................#
##.##.##.######..###
#.#.#.## #..# #...## #..#
##[## #..#


You could see a wyvern zombie.

Vanquished Creatures
  A bullfrog skeleton (D:4)
  An orc wizard (D:3)
  2 adders
  An ooze (D:3)
  A worm (D:2)
  2 dart slugs (D:2)
  5 leopard geckos
  3 orcs (D:3)
  A giant cockroach (D:2)
  8 goblins
  7 hobgoblins
  8 jackals
  6 kobolds
  2 quokkas
  7 bats
  4 rats
59 creatures vanquished.

Notes
Turn   | Place    | Note
-------+----------+-------------------------------------------
     0 | D:1      | BeastOfSaturn the Vine Stalker Arcane Marksman began the
                  | quest for the Orb.
     0 | D:1      | Reached XP level 1. HP: 11/11 MP: 4/4
   216 | D:1      | Reached XP level 2. HP: 16/16 MP: 6/6
   220 | D:1      | Learned a level 2 spell: Shackle
  1144 | D:2      | Reached skill level 1 in Fighting
  1144 | D:2      | Reached XP level 3. HP: 20/20 MP: 7/7
  1296 | D:2      | Found an iron altar of Okawaru.
  1638 | D:2      | Reached XP level 4. HP: 25/25 MP: 8/8
  2616 | D:4      | Found the +2 cloak of the Thief {+Fog Slay-2 SInv Stlth+}
  2664 | D:4      | Reached XP level 5. HP: 29/30 MP: 5/9
  2672 | D:4      | Found Acos's Book Boutique.
  2706 | D:4      | Found Itautroi's Assorted Antiques.
  2799 | D:4      | Found Udwoec's Antique Armour Boutique.
  2932 | D:4      | Mangled by a wyvern zombie

Skill      XL: |  1  2  3  4 |
---------------+-------------+-----
Bows           | 2 3 |  3.7
Fighting       | 1 |  1.9
Armour         | |  0.6
Dodging        | |  2.1
Stealth        | |  0.2
Spellcasting   | |  2.1
Hexes          | |  3.6

Action                   |  1- 3 |  4- 6 || total
-------------------------+-------+-------++-------
 Fire: Shortbow          |   116 |    73 ||   189
 Cast: Shackle           |       |     9 ||     9
  Use: Scroll            |     7 |       ||     7
  Eat: Chunk             |     2 |     3 ||     5
       Ration            |       |     1 ||     1
Armor: Robe              |    18 |    10 ||    28
Dodge: Dodged            |    46 |    51 ||    97
